 Dungeon Crawl Stone Soup version 0.22-a0-354-g30dfbe6 (webtiles) character file.

4953 Amnesiac the Reanimator (level 10, -4/73 HPs)
             Began as a Mummy Necromancer on Apr 16, 2018.
             Was a Believer of Sif Muna.
             Slain by Harold
             ... wielding a +0 glaive
              (16 damage)
             ... on level 10 of the Dungeon.
             The game lasted 00:18:22 (9069 turns).

Amnesiac the Reanimator (Mummy Necromancer)         Turns: 9069, Time: 00:18:23

Health: -4/73      AC: 12    Str: 15    XL:     10   Next: 28%
Magic:  12/22      EV: 15    Int: 17    God:    Sif Muna [**....]
Gold:   442        SH:  5    Dex: 13    Spells: 14/25 levels left

rFire    . . .     SeeInvis .   a - +2 short sword (drain)
rCold    + . .     Gourm    .   r - +0 buckler
rNeg     + + +     Faith    .   j - +1 robe {MR+}
rPois    ∞         Spirit   .   (no helmet)
rElec    .         Reflect  .   c - scarf {cloud immunity}
rCorr    .         Harm     +   d - +2 pair of gloves of Raokiybi {Regen+ Str+3 Stlth-}
MR       ++...                  u - +0 pair of boots
Stlth    +.........             e - amulet of harm
HPRegen  0.62/turn              v - ring of protection from fire
MPRegen  0.18/turn              o - +5 ring of protection

@: divine energy
A: no food or potions, fire vulnerability, cold resistance 1, negative energy
resistance 3, torment resistance, unbreathing
a: Stop Divine Energy, Renounce Religion


You were on level 10 of the Dungeon.
You worshipped Sif Muna.
Sif Muna was pleased with you.
You were not hungry.

You visited 2 branches of the dungeon, and saw 11 of its levels.

You collected 442 gold pieces.

Inventory:

Hand Weapons
 a - a +2 short sword of draining (weapon)
 b - a +0 hunting sling
Missiles
 f - 155 stones (quivered)
Armour
 c - a scarf of cloud immunity (worn)
 d - the +2 pair of gloves of Raokiybi (worn) {Regen+ Str+3 Stlth-}
   (You found it on level 4 of the Dungeon)

   It affects your strength (+3).
   It increases your rate of regeneration.
   It makes you less stealthy.
 j - a +1 robe of magic resistance (worn)
 r - a +0 buckler (worn)
 u - a +0 pair of boots (worn)
Jewellery
 e - an amulet of harm (around neck)
 o - a +5 ring of protection (right hand)
 v - a ring of protection from fire (left hand)
 x - an uncursed ring of see invisible
Wands
 y - a wand of flame (12)
Scrolls
 g - 5 scrolls of remove curse {!r}
 i - 4 scrolls of immolation {!r}
 m - 2 scrolls of magic mapping {!r}
 n - a scroll of amnesia {!r}
 q - 3 scrolls of enchant armour {!r}
 t - 3 scrolls of enchant weapon {!r}
 w - 2 scrolls of identify {!r}
Miscellaneous
 l - a lamp of fire (inert)


   Skills:
 - Level 4.4 Fighting
 - Level 5.7 Dodging
 - Level 1.5 Stealth
 + Level 6.3 Shields
 - Level 8.2 Spellcasting
 - Level 9.1 Necromancy


You had 14 spell levels left.
You knew the following spells:

 Your Spells              Type           Power        Failure   Level  Hunger
a - Pain                  Necr           ####         1%          1    N/A
b - Animate Dead          Necr           N/A          2%          4    N/A
c - Apportation           Tloc           #.....       11%         1    N/A
d - Vampiric Draining     Necr           #####.....   1%          3    N/A
e - Summon Small Mammal   Summ           #...         11%         1    N/A
z - Confusing Touch       Hex            #.....       11%         1    N/A

Dungeon Overview and Level Annotations

Branches:
Dungeon (10/15)            Temple (1/1) D:5            Lair (0/6) D:10
    Orc: D:9-12

Altars:
Ashenzari
Cheibriados
Dithmenos
Elyvilon
Fedhas
Gozag
Hepliaklqana
Kikubaaqudgha
Makhleb
Nemelex Xobeh
Okawaru
Qazlal
Ru
Sif Muna
Trog
Uskayaw
Vehumet
Wu Jian
Xom
Yredelemnul
Zin
The Shining One

Shops:
D:4 (

Annotations:
D:10 Harold


Innate Abilities, Weirdness & Mutations

You do not eat or drink.
Your flesh is vulnerable to fire.
You are immune to poison.
Your flesh is cold resistant. (rC+)
You are immune to negative energy. (rN+++)
You are immune to unholy pain and torment.
You can survive without breathing.


Message History

Aim: a worker ant You shoot a stone.
The stone closely misses the worker ant.
You block the worker ant's attack.
Firing (i - inventory)
f - 153 stones (quivered)
Press: ? - help, Shift-Dir - straight line, f/p - worker ant
Aim: a worker ant You shoot a stone.
The stone hits the worker ant but does no damage.
The worker ant barely misses you. The worker ant bites you.
* * * LOW HITPOINT WARNING * * *
Casting: Vampiric Draining (safe; 1% risk of failure)
Confirm with . or Enter, or press ? or * to list all spells.
Aiming: Vampiric Draining (safe; 1% risk of failure)
Press: ? - help, Shift-Dir - straight line, f/p - worker ant
Aim: a worker ant The worker ant is almost dead.
You feel life coursing into your body.
The worker ant bites you but does no damage.
Casting: Vampiric Draining (safe; 1% risk of failure)
Confirm with . or Enter, or press ? or * to list all spells.
Aiming: Vampiric Draining (safe; 1% risk of failure)
Press: ? - help, Shift-Dir - straight line, f/p - worker ant
Aim: a worker ant (almost dead)
You kill the worker ant!
Sif Muna accepts your kill.
You feel life coursing into your body.
You sense an unholy aura.
a - a +2 short sword of draining (weapon)
f - 153 stones (gained 1)
You see here a worker ant corpse.
f - 155 stones (gained 2)
Found 2 blue potions.
Harold the Weathered comes into view.
He is wielding a glaive.
Harold shouts!
Harold throws a throwing net.
The throwing net hits you.
You become entangled in the net!
You see here a throwing net.
You struggle against the net.
Harold moves out of view.
You struggle against the net.
You rip the net and break free!
Okay, then.
Unknown command.
You can't drink.
Okay, then.
Evoke which item? (* to show all) (? for menu, Esc to quit)
Aiming: Throw Flame
Press: ? - help, Shift-Dir - straight line, f - Harold
Aim: Harold, wielding a glaive and wearing a glowing ring mail You hear the creaking of a portcullis.
Harold throws a throwing net.
The throwing net hits you.
You become entangled in the net!
You see here a throwing net.
You tear a large gash into the net.
Harold points at you and mumbles some strange words.
The bolt of fire hits you!
* * * LOW HITPOINT WARNING * * *
You hear a screech!
You shred the net and break free!
Okay, then.
Harold hits you from afar with a glaive!
* * * LOW HITPOINT WARNING * * *
Harold hits you with a glaive!
You die...

*,,* *,,,,,,,,*
#..# *,,,,,,,,*
#..# *,,,,,,,,*
#.(######,,,,,,,,*
#.!......,,,,,,,,*
#......,,,***,,,,*
#.≈≈≈≈≈≈≈,,**,,,,*
##@≈#****≈,,,,,,,,,
#.@§#,,,*≈,***,,,,,
#..≈#,∩,,≈,,,,,,,,,
##.≈#,,,*≈,,,,,,,,,
#.≈#####≈,,,,****,
#.≈≈≈≈≈≈≈,,,,* *,
#........,,,,* *,
#........,,,,* *,
#.####...,,,,* *,
#.# *...,,,,* **


You could see Harold.

Vanquished Creatures
  A gargoyle (D:10)
  A hippogriff (D:4)
  A wyvern (D:9)
  A hungry ghost (D:8)
  Duvessa (D:7)
  3 ice beasts
  A sky beast (D:7)
  A necrophage (D:6)
  2 orc warriors
  A black bear (D:7)
  7 ogres
  2 centaurs
  4 bullfrogs
  Dowan (D:7)
  A gnoll sergeant (D:8)
  5 scorpions
  9 killer bees
  3 electric eels (D:10)
  2 howler monkeys
  2 crimson imps
  A bullfrog zombie (D:7)
  2 quasits
  A centaur skeleton (D:8)
  2 hounds
  Crazy Yiuf (D:7)
  7 orc priests
  3 jellies
  6 orc wizards
  A bullfrog skeleton (D:5)
  Jessica (D:2)
  Natasha (thrice) (D:4)
  4 iguanas
  10 worker ants
  2 hound skeletons
  A worker ant zombie (D:6)
  4 gnolls (D:8)
  7 adders
  A shadow imp (D:3)
  4 worms
  A dart slug (D:2)
  5 leopard geckos
  23 orcs
  5 giant cockroaches
  4 goblins
  6 hobgoblins
  17 jackals
  4 quokkas
  A ball python (D:3)
  A ball python skeleton (D:4)
  8 bats
  A frilled lizard (D:4)
  6 kobolds
  A quokka skeleton (D:4)
  6 rats
199 creatures vanquished.

Vanquished Creatures (others)
  A leopard gecko (D:3)
1 creature vanquished.

Grand Total: 200 creatures vanquished

Notes
Turn   | Place    | Note
-------+----------+-------------------------------------------
     0 | D:1      | Amnesiac the Mummy Necromancer began the quest for the Orb.
     0 | D:1      | Reached XP level 1. HP: 13/13 MP: 4/4
   176 | D:1      | Reached XP level 2. HP: 20/20 MP: 0/5
   789 | D:2      | Reached XP level 3. HP: 25/25 MP: 0/7
   794 | D:2      | Learned a level 3 spell: Vampiric Draining
  1170 | D:2      | Reached skill level 1 in Fighting
  1288 | D:2      | Noticed Jessica
  1292 | D:2      | Killed Jessica
  1292 | D:2      | Reached XP level 4. HP: 32/32 MP: 3/8
  1321 | D:2      | Learned a level 4 spell: Animate Dead
  2006 | D:3      | Reached XP level 5. HP: 37/37 MP: 7/10
  2057 | D:3      | Reached skill level 5 in Necromancy
  2418 | D:3      | Found a radiant altar of Vehumet.
  2497 | D:4      | Got a pair of ancient gloves
  2503 | D:4      | Identified the +2 pair of gloves of Raokiybi {Regen+ Str+3 Stlth-} (You found it on level 4 of the Dungeon)
  2577 | D:4      | Reached XP level 6. HP: 28/44 MP: 2/12
  2580 | D:4      | Learned a level 1 spell: Apportation
  2582 | D:4      | Learned a level 1 spell: Confusing Touch
  2584 | D:4      | Learned a level 1 spell: Summon Small Mammal
  2687 | D:4      | Noticed a hippogriff
  2695 | D:4      | Killed a hippogriff
  2866 | D:4      | Reached XP level 7. HP: 30/52 MP: 7/14
  3012 | D:4      | Reached skill level 5 in Spellcasting
  3091 | D:4      | Noticed Natasha
  3098 | D:4      | Killed Natasha
  3142 | D:4      | Found Saolaloq's Weapon Shop.
  3389 | D:4      | Noticed Natasha
  3392 | D:4      | Killed Natasha
  3542 | D:4      | Noticed Natasha
  3546 | D:4      | Killed Natasha
  3572 | D:5      | Entered Level 5 of the Dungeon
  3576 | D:5      | Reached skill level 5 in Dodging
  3782 | D:5      | Reached XP level 8. HP: 50/61 MP: 8/15
  3970 | D:5      | Found a staircase to the Ecumenical Temple.
  4138 | Temple   | Entered the Ecumenical Temple
  4408 | Temple   | Became a worshipper of Sif Muna the Loreminder
  5521 | D:7      | Reached skill level 6 in Necromancy
  5628 | D:7      | Found a runed door.
  5920 | D:7      | Reached * piety under Sif Muna
  6009 | D:7      | Reached skill level 7 in Necromancy
  6097 | D:7      | Reached XP level 9. HP: 50/66 MP: 7/19
  6202 | D:7      | Noticed Duvessa
  6245 | D:7      | Killed Duvessa
  6348 | D:7      | Reached skill level 8 in Necromancy
  6377 | D:7      | Noticed Dowan
  6395 | D:7      | Killed Dowan
  6750 | D:7      | Noticed Crazy Yiuf
  6754 | D:7      | Killed Crazy Yiuf
  6835 | D:8      | Reached ** piety under Sif Muna
  7233 | D:8      | Reached skill level 9 in Necromancy
  7400 | D:8      | Reached skill level 1 in Shields
  7445 | D:8      | Found a blossoming altar of Fedhas.
  8431 | D:9      | Reached XP level 10. HP: 30/73 MP: 15/22
  8617 | D:9      | Reached skill level 5 in Shields
  8715 | D:10     | Entered Level 10 of the Dungeon
  8724 | D:10     | Found a staircase to the Lair.
  8793 | D:10     | Noticed a gargoyle
  8811 | D:10     | Noticed a two-headed ogre
  8830 | D:10     | Killed a gargoyle
  9058 | D:10     | Noticed Harold
  9069 | D:10     | Slain by Harold

Vault maps used:
D:1:      ncdulo_halloftheorcs, minmay_pentomino_s4
D:2:      first_ration, uniq_jessica
D:3:      fiery_altar_vehumet
D:4:      serial_shops, nicolae_shop_temple_entry_statues_fountains,
          uniq_natasha
D:5:      minmay_temple_entry_fiery
D:7:      uniq_crazy_yiuf_cottage, uniq_duvessa
D:8:      basic_altar
D:10:     lair_entry_dummy, enter_bailey_3, uniq_harold
Temple:   regret_index_temple_sigil_plot

Skill      XL: |  1  2  3  4  5  6  7  8  9 10 |
---------------+-------------------------------+-----
Dodging        | 2 3 4 5 |  5.7
Spellcasting   | 3 4 5 7 8 |  8.2
Fighting       | 1 2 3 4 |  4.4
Necromancy     | 5 7 9 |  9.1
Shields        | 4 6 |  6.3
Stealth        | |  1.5

Action                   |  1- 3 |  4- 6 |  7- 9 | 10-12 || total
-------------------------+-------+-------+-------+-------++-------
 Fire: Hunting sling     |    14 |    76 |   754 |    57 ||   901
 Cast: Pain              |    75 |    83 |    42 |     4 ||   204
       Vampiric Draining |       |     6 |    40 |    21 ||    67
Invok: Divine Energy     |       |       |     1 |       ||     1
Evoke: Wand              |       |       |       |     8 ||     8
       Lamp of fire      |       |       |       |     1 ||     1
  Use: Scroll            |       |     2 |     9 |     3 ||    14
Armor: Robe              |     4 |    11 |   255 |    21 ||   291
Dodge: Dodged            |    17 |    64 |   617 |    36 ||   734
Block: Buckler           |       |       |    31 |    10 ||    41

Table legend:
 A = Spawn XP
 B = Non-spawn XP
 C = Spawn XP percentage of total XP
 D = Spawn monster count
 E = Non-spawn monster count
 F = Spawn count percentage of total count
 G = Total turns spent on level
                    A         B        C        D         E        F      G
               +---------+---------+-------+---------+---------+-------+---------
         Total |       0 |    7077 |   0.0 |       0 |     199 |   0.0 |  9069
               +---------+---------+-------+---------+---------+-------+---------
           D:1 |       0 |      31 |   0.0 |       0 |      19 |   0.0 |   734
           D:2 |       0 |     140 |   0.0 |       0 |      27 |   0.0 |  1137
           D:3 |       0 |     147 |   0.0 |       0 |      21 |   0.0 |   623
           D:4 |       0 |     814 |   0.0 |       0 |      23 |   0.0 |  1149
           D:5 |       0 |     526 |   0.0 |       0 |      15 |   0.0 |   709
           D:6 |       0 |     186 |   0.0 |       0 |       8 |   0.0 |   815
           D:7 |       0 |    1520 |   0.0 |       0 |      27 |   0.0 |  1432
           D:8 |       0 |    1226 |   0.0 |       0 |      24 |   0.0 |  1114
           D:9 |       0 |    1293 |   0.0 |       0 |      19 |   0.0 |   716
          D:10 |       0 |    1194 |   0.0 |       0 |      16 |   0.0 |   354
               +---------+---------+-------+---------+---------+-------+---------
